 Dungeon Crawl Stone Soup version 0.27.1-34-g3ba077fa99 (console) character file.

Game seed: 7323198991122230798

229 Banquo the Cutter (level 6, -10/46 HPs)
             Began as a Djinni Chaos Knight on Jan 2, 2022.
             Was an Initiate of Ashenzari.
             Splashed by Ijyb's acid (14 damage)
             ... on level 4 of the Dungeon.
             The game lasted 00:11:21 (4477 turns).

Banquo the Cutter (Djinni Chaos Knight)             Turns: 4477, Time: 00:11:22

Health: -10/46     AC:  5    Str: 11    XL:     6   Next: 23%
Gold:   109        EV: 11    Int: 16    God:    Ashenzari [......] SH:  0 Dex: 10

rFire    + + .     SeeInvis .   a - +0 short sword (chaos)
rCold    x . .     Faith    .   (no shield)
rNeg     . . .     Spirit   .   b - +2 leather armour
rPois    ∞         Reflect  .   (no helmet)
rElec    .         Harm     .   (no cloak)
rCorr    .         Rampage  .   (no gloves)
Will     .....                  (boots unavailable)
Stlth    +.........             (no amulet)
HPRegen  0.15/turn              (no ring)
MPRegen  0.00/turn              (no ring)

@: flying
A: sickness immunity, fire resistance 2, cold vulnerability 1, float, innate
caster, hp casting, extra vitality 1, clumsy 1
a: Renounce Religion


You were on level 4 of the Dungeon.
You worshipped Ashenzari.
Ashenzari was noncommittal.
You visited 1 branch of the dungeon, and saw 4 of its levels.

You collected 109 gold pieces.

Inventory:

Hand Weapons
 a - a +0 short sword of chaos (weapon)
 c - a +0 trident
 d - a +0 short sword
 h - a +0 falchion
 n - a +0 spear
Missiles
 e - 138 stones (quivered)
 j - 30 poisoned darts
 q - a throwing net
Armour
 b - a +2 leather armour (worn)
Magical Staves
 g - a staff of earth
Scrolls
 k - a scroll of fear
 s - a scroll of teleportation
Potions
 l - 2 potions of berserk rage
 m - a potion of mutation
 p - a potion of invisibility
 r - a potion of resistance
 t - a potion of ambrosia
 u - a potion of lignification


   Skills:
 - Level 3.0 Fighting
 - Level 3.5 Short Blades
 + Level 3.0 Armour
 - Level 2.1 Dodging
 * Level 3.0 Spellcasting


You had 8 spell levels left.
You knew the following spells:

 Your Spells              Type           Power      Damage    Failure   Level
a - Magic Dart            Conj           48%        1d5       7%          1
b - Wereblood             Tmut           12%        N/A       11%         2
Your spell library was empty.

Dungeon Overview and Level Annotations

Branches:
Dungeon (4/15)
 Temple: D:4-7

Altars:
Ashenzari
Cheibriados
Wu Jian
Xom
The Shining One

Annotations:
D:4 Ijyb


Innate Abilities, Weirdness & Mutations

You are immune to sickness and miasma.
You are immune to poison.
Your flesh is very heat resistant. (rF++)
You are vulnerable to cold. (rC-)
You float through the air rather than walking.
You learn spells naturally, not from books.
Your magical power is your life essence.
You have superior vitality. (+4 HP)
You are clumsy. (Dex -2)


Message History

Ijyb is lightly wounded.
Ijyb hits you with a +0 dagger.
You hit Ijyb.
Ijyb is moderately wounded.
Ijyb screams, "Die!"
Ijyb barely misses you.
You closely miss Ijyb.
Ijyb is moderately wounded.
Ijyb hits you but does no damage.
You barely miss Ijyb.
Ijyb is moderately wounded.
Ijyb hits you but does no damage.
You hit Ijyb but do no damage.
Ijyb is poisoned.
Ijyb is moderately wounded.
Ijyb screams, "I dance on your bones!" Ijyb closely misses you.
You closely miss Ijyb.
Ijyb is moderately wounded.
Ijyb zaps a wand.
The bolt of acid hits you.
You are splashed with acid!!
You hit Ijyb but do no damage.
Ijyb is moderately wounded.
Ijyb closely misses you.
You hit Ijyb. You burn Ijyb.
Ijyb is severely wounded.
Ijyb zaps a wand.
The bolt of acid misses you.
You barely miss Ijyb.
Ijyb is severely wounded.
Ijyb hits you with a +0 dagger.
You hit Ijyb but do no damage.
Ijyb is heavily wounded.
You closely miss Ijyb.
Ijyb is heavily wounded.
Ijyb looks more healthy.
Ijyb closely misses you.
You closely miss Ijyb.
Ijyb is severely wounded.
Ijyb zaps a wand.
The bolt of acid hits you!
* * * LOW HITPOINT WARNING * * *
You are splashed with acid!
You die...
Xom laughs nastily!

#.# #.# #.#
#.# #g# #.#
#.# #.# #.#
#.# #.# #.#
#.# #.#
#.#########.#
#_.g@.__._..#
#_#########.#
### ###


You could see Ijyb.

Vanquished Creatures
  3 hounds
  7 adders
  A white imp (D:4)
  2 dart slugs
  An orc (D:4)
  8 ball pythons
  4 endoplasms
  4 giant cockroaches
  9 goblins
  3 hobgoblins
  5 quokkas
  6 bats
  A goblin zombie (D:4)
  3 hobgoblin zombies (D:4)
  6 kobolds
  A kobold skeleton (D:4)
  An orc skeleton (D:4)
  2 rats
67 creatures vanquished.

Notes
Turn   | Place    | Note
-------+----------+-------------------------------------------
     0 | D:1      | Banquo the Djinni Chaos Knight began the quest for the Orb.
     0 | D:1      | Reached XP level 1. HP: 20/20 MP: 0/0
    41 | D:1      | XOM: silly message
   225 | D:1      | Reached XP level 2. HP: 23/25 MP: 0/0
   346 | D:1      | XOM: potion effect (might)
   353 | D:1      | XOM: divination: detect creatures
   487 | D:1      | Found a faded altar of an unknown god.
   522 | D:1      | Reached XP level 3. HP: 29/30 MP: 0/0
   522 | D:1      | Learned a level 1 spell: Magic Dart
   584 | D:1      | XOM: give mutation
   584 | D:1      | Gained mutation: You are clumsy. (Dex -2) [Xom's mischief]
  1025 | D:2      | Reached XP level 4. HP: 35/35 MP: 0/0
  1080 | D:2      | Reached skill level 1 in Spellcasting
  1420 | D:2      | XOM: noise
  1746 | D:2      | XOM: silly message
  2122 | D:3      | Noticed a sky beast
  2411 | D:3      | XOM: scenery: 2 doors close
  2476 | D:3      | Reached XP level 5. HP: 36/40 MP: 0/0
  2476 | D:3      | Learned a level 2 spell: Wereblood
  2769 | D:3      | XOM: summons 4 hostile shadow creatures
  3112 | D:2      | XOM: enchant monster (bad)
  3113 | D:2      | XOM: enchant monster (bad)
  3114 | D:2      | XOM: summons friendly shadow imp
  3118 | D:2      | XOM: cast spell 'Dispersal'
  3137 | D:2      | XOM: potion effect (curing)
  3180 | D:3      | XOM: god gift: 39 gold pieces
  3386 | D:4      | Found a broken altar of Ashenzari.
  3386 | D:4      | Found a snail-covered altar of Cheibriados.
  3386 | D:4      | XOM: 5-stop teleportation journey
  3473 | D:4      | XOM: silly message
  3480 | D:4      | Fell from the grace of Xom
  3480 | D:4      | Became a worshipper of Ashenzari the Shackled
  3502 | D:4      | Found an ornate altar of the Wu Jian Council.
  3634 | D:4      | Found a glowing golden altar of the Shining One.
  4164 | D:4      | Reached XP level 6. HP: 41/46 MP: 0/0
  4439 | D:4      | XOM: scenery: create altars
  4449 | D:4      | Noticed Ijyb
  4477 | D:4      | Splashed by Ijyb's acid

Illustrated notes

Levels and vault maps discovered:
D:1:      dpeg_arrival_orchard, layout_rooms,
          shapermc_ecumenical_altar_mp_vishouse, moated_statue
D:2:      layout_basic, grunt_decor_cap, minmay_pentomino_q2
D:3:      layout_basic
D:4:      layout_basic, grunt_temple_overflow_diamond,
          nicolae_tso_besieged_by_evil, uniq_eustachio, uniq_ijyb

Skill      XL: |  1  2  3  4  5  6 |
---------------+-------------------+-----
Short Blades   | 3 |  3.5
Armour         | 2 3 |  3.0
Spellcasting   | 1 2 3 |  3.0
Fighting       | |  3.0
Dodging        | |  2.1

Action                   |  1- 3 |  4- 6 || total
-------------------------+-------+-------++-------
Melee: Short sword       |    69 |   100 ||   169
 Cast: Magic Dart        |    12 |   106 ||   118
 Stab: Sleeping          |       |     1 ||     1
       Paralysed         |       |     1 ||     1
Armor: Leather armour    |    20 |    34 ||    54
Dodge: Dodged            |    46 |    70 ||   116
